Map: 2000 Atmospheres LE

Players

davidmg

  • Race: Protoss Protoss
  • League: Diamond

CuZergKiller - Winner!

  • Race: Zerg Zerg
  • League: Diamond

VOD

Have the link to the VOD?

Description

ZVP

Time

  • Played on: Sept. 8, 2021, 3:03 p.m.
  • Length: 14:25
Show
View Real Time Build Order
Export as new Build Order

davidmg Protoss 

Build Orders: 1 Gate Expand, Carriers 

Get SALT Encoding   

  12  0:00  Probe  
  13  0:12  Probe  
  14  0:18  Pylon  
  14  0:24  Probe  
  15  0:36  Probe (Chrono Boost)  
  15  0:40  Gateway  
  16  0:48  Probe (Chrono Boost)  
  17  0:53  Probe (Chrono Boost)  
  18  1:12  Nexus  
  18  1:17  Assimilator  
  18  1:25  Probe  
  19  1:28  Assimilator  
  19  1:37  Probe (Chrono Boost)  
  19  1:42  Cybernetics Core  
  19  1:49  Probe (Chrono Boost)  
  19  1:52  Pylon  
  20  1:56  Probe (Chrono Boost)  
  21  2:04  Probe  
  22  2:16  Adept (Chrono Boost)  
  22  2:18  Probe (Chrono Boost)  
  25  2:24  Probe (Chrono Boost)  
  27  2:30  Stargate  
  27  2:33  Probe x2 (Chrono Boost)  
  28  2:38  Probe (Chrono Boost)  
  28  2:40  Probe, Warp Gate  
  30  2:44  Adept  
  30  2:50  Probe  
  33  2:52  Probe  
  33  2:56  Pylon  
  34  3:02  Probe  
  34  3:04  Probe  
  36  3:07  Void Ray (Chrono Boost)  
  36  3:14  Probe  
  36  3:16  Probe  
  42  3:26  Probe  
  43  3:28  Probe  
  43  3:31  Adept  
  46  3:39  Probe, Nexus  
  47  3:43  Pylon  
  47  3:45  Probe  
  48  3:52  Probe  
  48  3:53  Gateway  
  49  3:57  Void Ray  
  49  3:59  Probe  
  50  4:04  Probe  
  50  4:06  Assimilator  
  55  4:11  Shield Battery  
  55  4:13  Assimilator  
  55  4:16  Probe  
  56  4:17  Probe  
  57  4:25  Shield Battery x2  
  57  4:28  Probe  
  57  4:29  Sentry, Probe  
  61  4:35  Twilight Council  
  61  4:40  Probe  
  61  4:44  Void Ray  
  62  4:49  Pylon  
  62  4:51  Probe (Chrono Boost)  
  67  4:53  Probe (Chrono Boost)  
  67  4:59  Pylon  
  69  5:00  Probe (Chrono Boost)  
  69  5:03  Probe (Chrono Boost)  
  69  5:05  Probe (Chrono Boost)  
  69  5:06  Adept  
  73  5:10  Probe (Chrono Boost)  
  73  5:11  Probe (Chrono Boost)  
  73  5:12  Probe (Chrono Boost)  
  76  5:14  Probe (Chrono Boost)  
  76  5:17  Probe  
  76  5:20  Templar Archives  
  78  5:21  Void Ray (Chrono Boost)  
  78  5:23  Probe  
  78  5:25  Pylon  
  78  5:26  Probe  
  84  5:35  Probe  
  85  5:38  Probe  
  85  5:40  Probe  
  87  5:48  Sentry  
  87  5:49  Probe  
  90  5:51  Probe  
  90  5:54  Pylon  
  91  5:57  Gateway, Psionic Storm  
  91  6:00  Gateway  
  91  6:01  Gateway  
  91  6:02  Phoenix (Chrono Boost)  
  91  6:03  Pylon  
  93  6:06  Pylon  
  93  6:19  Phoenix (Chrono Boost)  
  95  6:27  Forge  
  95  6:30  Assimilator  
  95  6:32  Shield Battery  
  95  6:35  Assimilator  
  95  6:41  Phoenix (Chrono Boost)  
  95  6:42  Zealot x2, Gateway  
  95  6:44  Gateway  
  101  6:48  Pylon  
  101  6:59  Phoenix (Chrono Boost)  
  101  7:00  Zealot  
  101  7:01  Zealot x2  
  109  7:02  Zealot x2  
  113  7:21  Phoenix (Chrono Boost)  
  115  7:27  Stargate  
  115  7:32  Zealot x5, Fleet Beacon  
  125  7:40  Void Ray  
  125  7:43  Charge  
  125  7:45  Zealot  
  131  7:56  Probe x2, Stargate  
  133  8:01  Pylon  
  133  8:05  Protoss Shields Level 1 (Chrono Boost)  
  133  8:06  Pylon  
  133  8:08  Pylon  
  133  8:11  Pylon  
  133  8:19  Probe x2, Carrier  
  141  8:23  Stargate  
  141  8:51  Nexus  
  141  8:52  Zealot x6  
  141  8:53  Zealot  
  141  8:54  Pylon x2  
  155  8:58  Gateway  
  155  9:00  Pylon  
  155  9:02  Pylon  
  155  9:05  Pylon  
  155  9:08  Pylon  
  153  9:14  Pylon  
  153  9:15  Zealot, High Templar x2  
  153  9:16  Zealot x4  
  167  9:20  Shield Battery  
  167  9:22  Shield Battery  
  167  9:24  Photon Cannon  
  167  9:26  Photon Cannon  
  167  9:27  Photon Cannon  
  167  9:28  Gateway  
  167  9:29  Gateway, Assimilator, Shield Battery  
  167  9:34  Assimilator  
  167  9:35  Photon Cannon  
  167  9:39  Photon Cannon  
  167  9:41  Photon Cannon  
  167  9:42  Carrier  
  173  9:45  Probe  
  173  9:46  Probe x2  
  176  10:00  Protoss Shields Level 2 (Chrono Boost)  
  176  10:05  High Templar  
  176  10:08  Probe  
  175  10:17  Carrier x2  
  175  10:19  Protoss Air Weapons Level 1 (Chrono Boost)  
  187  10:23  Cybernetics Core  
  187  10:29  Carrier  
  187  10:32  Probe x3  
  196  10:40  High Templar x2  
  200  10:48  Pylon  
  200  10:59  Forge  
  200  11:18  Robotics Facility  
  198  11:31  Protoss Air Armor Level 1 (Chrono Boost)  
  198  11:40  Protoss Ground Weapons Level 1 (Chrono Boost), Photon Cannon  
  184  12:02  Nexus  
  184  12:05  Protoss Ground Armor Level 1 (Chrono Boost)  
  156  12:16  Tempest x4 (Chrono Boost)  
  164  12:33  High Templar  
  164  12:34  Zealot, High Templar x2  
  164  12:35  Zealot x6  
  172  12:55  Tempest  
  172  12:56  Carrier x2  
  172  12:57  Carrier  
  191  13:03  Archon  
  151  13:21  High Templar x2  
  151  13:22  Zealot x6  
  165  13:30  Pylon  
  165  13:32  Pylon  
  171  13:47  Zealot, High Templar  
  167  14:09  Zealot x2  
  159  14:10  Zealot x7  
Show
View Real Time Build Order
Export as new Build Order

CuZergKiller Zerg - Winner!

Build Orders: Hatch First, Brood Lord Corruptor 

Get SALT Encoding   

  12  0:01  Drone  
  13  0:12  Overlord  
  13  0:16  Drone  
  14  0:30  Drone x2  
  14  0:35  Drone  
  17  0:52  Hatchery  
  17  0:55  Drone  
  17  1:00  Drone  
  18  1:11  Extractor  
  17  1:15  Spawning Pool  
  16  1:22  Drone  
  16  1:23  Drone  
  18  1:28  Drone  
  19  1:43  Overlord  
  19  1:53  Drone  
  20  2:01  Drone  
  20  2:02  Queen  
  20  2:03  Queen  
  20  2:06  Zergling x2  
  26  2:15  Zergling x2  
  27  2:16  Drone  
  27  2:18  Metabolic Boost  
  27  2:21  Drone  
  29  2:27  Drone  
  30  2:32  Drone  
  31  2:39  Drone  
  32  2:49  Hatchery  
  31  2:56  Drone x3  
  34  2:59  Overlord  
  34  3:13  Drone x2  
  34  3:18  Drone, Queen  
  39  3:20  Drone  
  40  3:28  Drone x3  
  40  3:31  Lair  
  40  3:32  Drone  
  44  3:41  Overlord  
  44  4:00  Overlord  
  44  4:01  Drone x4  
  44  4:02  Drone x3  
  51  4:03  Drone  
  51  4:11  Queen  
  51  4:12  Drone x2  
  51  4:14  Spore Crawler  
  51  4:15  Spore Crawler  
  54  4:17  Drone  
  54  4:22  Spore Crawler  
  54  4:23  Drone x2  
  55  4:26  Drone  
  55  4:31  Roach Warren  
  55  4:35  Extractor  
  55  4:36  Extractor  
  55  4:37  Drone x2, Evolution Chamber  
  55  4:38  Drone x3, Evolution Chamber  
  56  4:41  Queen  
  58  4:47  Queen  
  60  5:07  Drone x5  
  62  5:08  Overlord x2  
  62  5:09  Overlord x2  
  62  5:14  Extractor  
  64  5:15  Glial Reconstitution  
  64  5:17  Drone  
  64  5:18  Spire, Drone  
  65  5:26  Queen  
  67  5:40  Queen x2  
  67  5:42  Roach x5  
  83  5:43  Roach  
  83  5:44  Drone x2  
  83  5:46  Drone  
  86  5:54  Overlord x2  
  86  6:02  Zerg Missile Weapons Level 1  
  86  6:05  Zerg Ground Armor Level 1  
  86  6:06  Overlord  
  86  6:07  Drone x3  
  89  6:19  Queen  
  89  6:23  Drone  
  89  6:24  Drone x2  
  94  6:26  Drone x2  
  94  6:27  Overlord x2, Spore Crawler  
  94  6:31  Roach x3  
  101  6:33  Infestation Pit  
  101  6:34  Drone  
  101  6:36  Drone x4, Extractor  
  104  6:53  Drone  
  104  6:54  Drone x2, Spine Crawler  
  106  7:05  Drone  
  106  7:06  Drone x2  
  106  7:07  Drone x3, Extractor  
  106  7:08  Overlord x2  
  111  7:12  Hive  
  111  7:26  Overlord x3  
  111  7:27  Roach  
  111  7:28  Drone, Roach x4  
  111  7:29  Drone  
  123  7:31  Hatchery  
  122  7:38  Spore Crawler  
  121  7:50  Overlord  
  121  7:51  Overlord  
  121  7:53  Roach x4  
  121  7:54  Roach x6  
  141  8:00  Spine Crawler x2  
  141  8:02  Spore Crawler  
  138  8:21  Overlord x2  
  138  8:22  Queen x2  
  138  8:23  Drone x2  
  138  8:24  Drone x6  
  150  8:29  Drone x2  
  150  8:31  Overlord  
  152  8:35  Overlord, Hatchery  
  151  8:42  Greater Spire, Corruptor x2  
  155  8:59  Hatchery  
  155  9:02  Extractor  
  153  9:06  Spore Crawler, Spine Crawler  
  153  9:07  Extractor, Spore Crawler, Spine Crawler  
  153  9:09  Drone x3  
  148  9:12  Drone x3  
  148  9:13  Corruptor x4  
  159  9:33  Overlord x2  
  159  9:35  Corruptor x4  
  167  9:44  Drone  
  167  9:45  Drone x2  
  170  9:46  Drone x3  
  170  9:47  Drone x6  
  178  9:54  Spine Crawler  
  176  10:05  Corruptor x5  
  176  10:06  Corruptor  
  187  10:10  Overlord x3  
  187  10:16  Brood Lord  
  187  10:17  Brood Lord  
  187  10:19  Brood Lord  
  193  10:35  Viper x2  
  199  10:44  Spore Crawler, Spine Crawler  
  199  10:45  Spine Crawler  
  199  10:49  Drone  
  198  10:50  Drone x2, Spine Crawler x2  
  197  10:57  Queen  
  197  11:01  Spine Crawler  
  197  11:02  Spine Crawler  
  197  11:03  Zerg Ground Armor Level 2  
  197  11:04  Queen  
  197  11:06  Zerg Flyer Weapons Level 1  
  199  11:12  Overseer x2  
  199  11:13  Overseer  
  199  11:27  Spine Crawler  
  199  11:29  Spine Crawler  
  197  11:52  Brood Lord  
  158  12:16  Corruptor x4  
  158  12:17  Corruptor x3  
  158  12:19  Corruptor x4  
  158  12:20  Corruptor x8  
  170  12:30  Corruptor x4  
  170  12:33  Roach, Corruptor x2  
  182  12:48  Corruptor x3  
  188  12:59  Corruptor x3  
  182  13:22  Roach  
  182  13:23  Roach x3  
  182  13:27  Brood Lord x3  
  194  13:28  Zergling x6  
  199  13:37  Extractor x2  
Tags
 
Add a new tag
Caveats
  • Supply blocks, unpowered buildings, or Contaminate may cause inaccurate times.
  • Supply counts are checked every 10 seconds.